 Dungeon Crawl Stone Soup version 0.26-a0-37-g50178cf (webtiles) character file.

Game seed: 14330750404387269163, levelgen mode: deterministic

8722 Balder the Basher (level 11, -8/84 HPs)
             Began as a Minotaur Fighter on May 29, 2020.
             Was an Elder of Hepliaklqana.
             Killed from afar by Tiberius the knight (19 damage)
             ... with an exploding inner flame
             ... created by the player character
             ... hexed by the player character
             ... on level 10 of the Dungeon on May 30, 2020.
             The game lasted 00:40:32 (9318 turns).

Balder the Basher (Minotaur Fighter)                Turns: 9318, Time: 00:40:33

Health: -8/84      AC: 16    Str: 22    XL:     11   Next: 13%
Magic:  13/13      EV:  8    Int:  5    God:    Hepliaklqana [****..]
Gold:   428        SH: 12    Dex: 12    Spells: 10/10 levels left

rFire    . . .     SeeInvis .   a - +2 flail
rCold    . . .     Gourm    .   c - +0 kite shield
rNeg     . . .     Faith    .   q - +1 plate armour
rPois    .         Spirit   .   (helmet restricted)
rElec    .         Reflect  .   n - +0 cloak
rCorr    .         Harm     .   (no gloves)
MR       .....                  (no boots)
Stlth    ..........             (no amulet)
HPRegen  0.24/turn              (no ring)
MPRegen  0.13/turn              (no ring)

@: no status effects
A: retaliatory headbutt, reduced essence, horns 2
a: Recall Ancestor, Ancestor Identity, Transference, Idealise, Renounce Religion


You were on level 10 of the Dungeon.
You worshipped Hepliaklqana.
Hepliaklqana was greatly pleased with you.
You were not hungry.

You visited 1 branch of the dungeon, and saw 10 of its levels.

You collected 428 gold pieces.

Inventory:

Hand Weapons
 a - a +2 flail (weapon)
 d - a +4 quarterstaff of chaos
 o - a +1 whip of flaming
 E - a +0 war axe
 H - a +2 trident of flaming
Missiles
 j - 34 poisoned darts (quivered)
 v - 12 boomerangs
Armour
 c - a +0 kite shield (worn)
 n - a +0 cloak (worn)
 q - a +1 plate armour (worn)
Magical Staves
 I - an uncursed staff of energy {unknown}
Jewellery
 F - an uncursed amulet of reflection {unknown}
Wands
 y - a wand of acid (7)
 z - a wand of polymorph (11)
 C - a wand of flame (15)
Scrolls
 b - 3 scrolls of teleportation
 k - 3 scrolls of remove curse
 l - 2 scrolls of enchant armour
 t - 2 scrolls of fog
 w - a scroll of immolation
 D - 3 scrolls of identify
Potions
 g - a potion of mutation {unknown}
 h - 2 potions of degeneration {unknown}
 i - 2 potions of magic {unknown}
 p - 2 potions of curing
 r - 3 potions of flight
 u - a potion of invisibility {unknown}
 A - a potion of lignification {unknown}
 B - 2 potions of brilliance {unknown}
Comestibles
 f - 12 rations
 G - 2 chunks of flesh


   Skills:
 * Level 8.0 Fighting
 * Level 11.2 Maces & Flails
 * Level 4.9 Throwing
 * Level 8.9 Armour
 * Level 5.8 Dodging
 + Level 1.6 Stealth
 * Level 9.2 Shields
 * Level 4.2 Invocations
 * Level 1.9 Evocations


You had 10 spell levels left.
You didn't know any spells.
Your spell library was empty.

Dungeon Overview and Level Annotations

Branches:
Dungeon (10/15)            Temple (0/1) D:5            Lair (0/6) D:10
    Orc: D:9-12

Altars:
Ashenzari
Cheibriados
Elyvilon
Gozag
Hepliaklqana
Kikubaaqudgha
Okawaru
Yredelemnul
The Shining One

Annotations:
D:5 3 runed translucent doors, FishTaco's ghost, novice DEFE


Innate Abilities, Weirdness & Mutations

You reflexively headbutt those who attack you in melee.
You have a pair of horns on your head.
Your life essence is reduced to manifest your ancestor. (-10% HP)


Message History

You hit the two-headed ogre. You headbutt the two-headed ogre!
The two-headed ogre is severely wounded.
The killer bee completely misses Tiberius.
Tiberius blocks the killer bee's attack.
The killer bee stings Tiberius but does no damage.
The two-headed ogre hits you with a +0 giant club!
* * * LOW HITPOINT WARNING * * *
The two-headed ogre hits you with a +0 giant spiked club.
* * * LOW HITPOINT WARNING * * *
The killer bee barely misses Tiberius.
Tiberius is engulfed in blazing flames.
Tiberius the knight explodes!
The fiery explosion engulfs the killer bee!!!
You kill the killer bee!
The fiery explosion engulfs the two-headed ogre!!
You kill the two-headed ogre!
Your Fighting skill increases to level 8!
The fiery explosion engulfs the killer bee!!!
You kill the killer bee!
The fiery explosion engulfs you!!
You die...

,............##..*,*,,,,,*,****
##...............#**,,,,,,,,,,*
.....##...........**********,,**
.....##........^.♣********,**,,*
.....#§......##..♣**,,,**,*,*,**
....§§.#......#..♣*,_,****,**,*
....§§§#.........♣*,,,,**,*,*,*
....§§§§......y☼°♣*,**,*,**,*,*
....###§.....(☼§@♣*****,*,**,,*
..............§○§♣♣ **,******
....,#....[...§§§.♣♣♣♣♣***
....##....###.........##
..#..#....###.#..##....#
.(.........#..#####...##
....#..........#..#..##
*..*#...............##*
*#**#..........)###...#


You could see a killer bee.

Vanquished Creatures
  Josephine (D:10)
  2 two-headed ogres
  Pikel (D:6)
  Prince Ribbit (D:7)
  2 hippogriffs
  2 wraiths (D:10)
  Eustachio (D:6)
  Menkaure (D:6)
  Edmund (D:4)
  A soldier ant (D:10)
  A slave (D:6)
  4 ice beasts
  A sky beast (D:7)
  An orc warrior (D:9)
  A phantom (D:9)
  3 ogres
  A necrophage (D:5)
  2 eyes of draining (D:10)
  4 centaurs
  A big kobold (D:9)
  5 bullfrogs
  2 scorpions (D:7)
  6 killer bees
  3 howler monkeys (D:9)
  4 crimson imps
  A bullfrog zombie (D:6)
  A hound (D:9)
  A jelly (D:8)
  An orc priest (D:9)
  Crazy Yiuf (D:2)
  6 iguanas
  4 orc wizards
  8 worker ants
  A hound skeleton (D:7)
  A mummy (D:8)
  2 gnolls (D:7)
  A howler monkey skeleton (D:5)
  9 adders
  A shadow imp (D:8)
  An adder zombie (D:8)
  3 worms
  2 dart slugs (D:2)
  3 leopard geckos
  10 orcs
  2 ball pythons
  6 giant cockroaches
  8 goblins
  7 hobgoblins
  7 jackals
  12 kobolds
  6 quokkas
  A ball python skeleton (D:4)
  3 bats
  2 frilled lizards
  A leopard gecko skeleton (D:4)
  4 rats
168 creatures vanquished.

Vanquished Creatures (collateral kills)
  Grinder (D:6)
  2 wraiths (D:10)
  An ice beast (D:10)
  A sky beast (D:9)
  2 ogres
  A centaur (D:7)
  A big kobold (D:8)
  A gnoll sergeant (D:7)
  2 bullfrogs
  A scorpion (D:10)
  An electric eel (D:9)
  A crimson imp (D:5)
  A bullfrog zombie (D:8)
  A quasit (D:8)
  2 jellies (D:7)
  3 hounds
  2 orc wizards
  An iguana (D:7)
  A worker ant (D:5)
  2 adders
  7 gnolls
  A shadow imp (D:9)
  4 orcs
  3 jackals
  3 quokkas
  A kobold (D:9)
  A leopard gecko skeleton (D:6)
48 creatures vanquished.

Vanquished Creatures (others)
  2 knights
  3 ancestors
  An orc (D:9)
6 creatures vanquished.

Grand Total: 222 creatures vanquished

Notes
Turn   | Place    | Note
-------+----------+-------------------------------------------
     0 | D:1      | Balder the Minotaur Fighter began the quest for the Orb.
     0 | D:1      | Reached XP level 1. HP: 19/19 MP: 0/0
   197 | D:1      | Reached XP level 2. HP: 27/27 MP: 1/1
   555 | D:2      | Reached XP level 3. HP: 26/33 MP: 2/2
   850 | D:2      | Reached skill level 3 in Maces & Flails
   850 | D:2      | Reached XP level 4. HP: 40/40 MP: 3/3
  1119 | D:2      | Reached skill level 1 in Dodging
  1297 | D:2      | Reached skill level 1 in Throwing
  1501 | D:2      | Found a runed translucent door.
  1502 | D:2      | Noticed Crazy Yiuf
  1510 | D:2      | Killed Crazy Yiuf
  1510 | D:2      | Reached XP level 5. HP: 14/47 MP: 4/4
  1797 | D:3      | Noticed a centaur
  1805 | D:3      | Killed a centaur
  1805 | D:3      | Reached skill level 4 in Maces & Flails
  2056 | D:3      | Found a hazy altar of Hepliaklqana.
  2085 | D:3      | Became a worshipper of Hepliaklqana the Forgotten
  2185 | D:3      | Found an ancient bone altar of Kikubaaqudgha.
  2445 | D:3      | Reached XP level 6. HP: 49/49 MP: 5/5
  2890 | D:4      | Reached skill level 5 in Maces & Flails
  2890 | D:4      | Reached skill level 5 in Shields
  2926 | D:4      | Reached skill level 5 in Armour
  2958 | D:4      | Reached skill level 5 in Fighting
  2958 | D:4      | Reached XP level 7. HP: 52/54 MP: 6/6
  3253 | D:4      | Noticed Edmund
  3263 | D:4      | Killed Edmund
  3545 | D:4      | Reached * piety under Hepliaklqana
  3712 | D:5      | Entered Level 5 of the Dungeon
  3726 | D:5      | Reached skill level 6 in Maces & Flails
  3840 | D:5      | Reached XP level 8. HP: 59/61 MP: 7/7
  3916 | D:5      | Reached skill level 7 in Maces & Flails
  4180 | D:5      | Found a staircase to the Ecumenical Temple.
  4204 | D:5      | Found a runed translucent gate.
  4207 | D:5      | Found a runed translucent gate.
  4273 | D:5      | Found a runed translucent gate.
  4274 | D:5      | Noticed FishTaco's ghost (novice DEFE)
  4750 | D:6      | Noticed Menkaure
  4751 | D:6      | Noticed Eustachio
  4758 | D:6      | Killed Menkaure
  4758 | D:6      | Reached skill level 8 in Maces & Flails
  4758 | D:6      | Reached skill level 1 in Invocations
  4762 | D:6      | Killed Eustachio
  4927 | D:6      | Found an iron altar of Okawaru.
  4931 | D:6      | Noticed Pikel
  4951 | D:6      | Killed Pikel
  4951 | D:6      | Reached XP level 9. HP: 61/67 MP: 7/9
  4982 | D:6      | Reached ** piety under Hepliaklqana
  4984 | D:6      | Remembered your ancestor Tiberius as a knight
  5018 | D:6      | Reached skill level 1 in Stealth
  5243 | D:6      | Found a white marble altar of Elyvilon.
  5324 | D:6      | Noticed Grinder
  5336 | D:6      | Killed Grinder
  5424 | D:7      | Reached skill level 9 in Maces & Flails
  6144 | D:7      | Noticed Prince Ribbit
  6217 | D:7      | Killed Prince Ribbit
  6650 | D:8      | Reached *** piety under Hepliaklqana
  6658 | D:8      | Reached skill level 10 in Maces & Flails
  6685 | D:8      | Found a snail-covered altar of Cheibriados.
  6750 | D:8      | Reached XP level 10. HP: 22/75 MP: 11/11
  7120 | D:8      | Reached skill level 5 in Dodging
  7515 | D:8      | Upgraded the game from 0.26-a0-29-gb080af9 to
                  | 0.26-a0-37-g50178cf
  8214 | D:9      | Found a shattered altar of Ashenzari.
  8215 | D:9      | Found an opulent altar of Gozag.
  8610 | D:9      | Found a basalt altar of Yredelemnul.
  8613 | D:9      | Noticed a profane servitor
  8626 | D:9      | Found a glowing golden altar of the Shining One.
  8628 | D:9      | Noticed an angel
  8670 | D:9      | Noticed a two-headed ogre
  8679 | D:9      | Killed a two-headed ogre
  8936 | D:9      | Reached skill level 1 in Evocations
  9029 | D:9      | Reached **** piety under Hepliaklqana
  9107 | D:10     | Entered Level 10 of the Dungeon
  9107 | D:10     | Noticed Josephine
  9126 | D:10     | Killed Josephine
  9135 | D:10     | Reached skill level 11 in Maces & Flails
  9156 | D:10     | Reached XP level 11. HP: 64/84 MP: 1/13
  9306 | D:10     | Noticed a two-headed ogre
  9318 | D:10     | Killed a two-headed ogre
  9318 | D:10     | Killed from afar by Tiberius the knight

Illustrated notes

Levels and vault maps discovered:
D:1:      scummos_arrival_simple_crosswalls, layout_rooms
D:2:      layout_loops_ring, uniq_crazy_yiuf_cottage
D:3:      layout_loops_cross, kiku_gazebo_pond_becter, lemuel_crystal_altar
D:4:      layout_cave_pods, uniq_edmund
D:5:      layout_cave_pods, minmay_temple_entry_glassed_door,
          gammafunk_ghost_necromancy, first_ration
D:6:      layout_loops_ring, okawaru_metal_pillars_1_2, elyvilon_altar_3,
          uniq_pikel, uniq_menkaure, uniq_grinder, uniq_eustachio
D:7:      layout_basic, minmay_misc_feat_pillars, uniq_prince_ribbit1
D:8:      layout_loops_ring, slow_altar_2, serial_glass, glass_columns_b,
          glass_columns_a, glass_columns_a, glass_columns_a, glass_columns_b,
          glass_columns_b, glass_columns_a, glass_columns_a
D:9:      layout_loops_corners, grunt_temple_overflow_holy_war,
          gammafunk_temple_overflow_pools, serial_bayou_ford_a
D:10:     layout_cave_pools, dpeg_lair_monsters, hangedman_tree_tricks,
          uniq_josephine

Skill      XL: |  1  2  3  4  5  6  7  8  9 10 11 |
---------------+----------------------------------+-----
Fighting       | 4 5 6 7 8 |  8.0
Shields        | 4 5 6 7 9 |  9.2
Armour         | 4 5 6 7 8 |  8.9
Maces & Flails | 3 4 5 6 8 10 11 | 11.2
Dodging        | 1 2 3 4 5 |  5.8
Throwing       | 1 2 3 4 |  4.9
Invocations    | 1 3 4 |  4.2
Stealth        | 1 |  1.6
Evocations     | 1 |  1.9

Action                   |  1- 3 |  4- 6 |  7- 9 | 10-12 || total
-------------------------+-------+-------+-------+-------++-------
Melee: Flail             |    69 |   110 |   273 |   169 ||   621
       Headbutt          |     9 |    14 |    56 |    44 ||   123
Throw: Dart              |    18 |    10 |    25 |     9 ||    62
Invok: Recall Ancestor   |       |       |     1 |       ||     1
       Ancestor Life: Kn |       |       |     1 |       ||     1
Evoke: Wand              |       |       |     2 |       ||     2
  Use: Potion            |       |     1 |     2 |       ||     3
       Scroll            |       |     3 |     5 |     6 ||    14
 Stab: Distracted        |       |       |     3 |     1 ||     4
  Eat: Chunk             |       |     7 |    12 |     2 ||    21
       Ration            |       |       |       |     2 ||     2
Armor: Scale mail        |    31 |    13 |       |       ||    44
       Plate armour      |       |    36 |   141 |    70 ||   247
Dodge: Dodged            |    17 |    26 |    65 |    40 ||   148
Block: Kite shield       |    35 |    53 |   145 |    86 ||   319

Table legend:
 A = Non-vault XP
 B = Vault XP
 C = Vault XP percentage of total XP
 D = Non-vault monster count
 E = Vault monster count
 F = Vault count percentage of total count
                 A         B        C        D         E       F
            +---------+---------+-------+---------+---------+-------
      Total |    8900 |    3561 |  28.6 |     203 |      13 |   6.0
            +---------+---------+-------+---------+---------+-------
        D:1 |      31 |       0 |   0.0 |      18 |       0 |   0.0
        D:2 |     134 |      39 |  22.5 |      22 |       1 |   4.3
        D:3 |     312 |       0 |   0.0 |      24 |       0 |   0.0
        D:4 |     360 |     157 |  30.4 |      11 |       1 |   8.3
        D:5 |    1068 |       0 |   0.0 |      23 |       0 |   0.0
        D:6 |     279 |    1182 |  80.9 |       9 |       4 |  30.8
        D:7 |    1505 |     264 |  14.9 |      31 |       1 |   3.1
        D:8 |     846 |      18 |   2.1 |      22 |       1 |   4.3
        D:9 |    2409 |       0 |   0.0 |      32 |       0 |   0.0
       D:10 |    1956 |    1901 |  49.3 |      11 |       5 |  31.2
            +---------+---------+-------+---------+---------+-------
